Cogmind - Beta 13 *** ADVENTURER MODE // 2024.04.11 @ 23:13:00 Player: Rugzbee Result: Destroyed by L-41 Fighter with Axe Performance ------------- Evolutions (5) 2500 Regions Visited (13) 2600 Robots Destroyed (133) 665 Value Destroyed (4303) 4303 Prototype IDs (32) 640 Alien Tech Used (0) 0 Bonus (978) 978 TOTAL SCORE: 11686 Bonus ------- Entered DSFs 500 Aligned with FarCom 300 Acquired ECA 300 Friendly Fire -122 Cogmind --------- Core Integrity 0/1000 Matter 297/300 Energy 295/350 System Corruption 4% Temperature Cool (50) Movement Hovering (56) Location -5/Upper Caves Parts ------- > --- POWER (2) -------- Micro Fission Core > --- PROPULSION (4) --- Gravmag Array Antigrav System > --- UTILITY (8) ------ Medium Storage Unit Compact Battery Encrypted Comm Array Armor Integrity Analyzer Improved Hacking Suite Improved Corruption Screen > --- WEAPON (3) ------- Lightning Gun Cooled Pulse Rifle KE Penetrator > --- INVENTORY (10) --- Advanced Weight Redist. System Improved Signal Interpreter Advanced Targeting Computer Focal Shield Makeshift Hacking Suite Mass Driver Enhanced Gauss Cannon Long-range Missile Launcher Peak State ------------ > --- POWER ------------ Light Nuclear Core > --- PROPULSION ------- Gravmag Array Gravmag Array > --- UTILITY ---------- Medium Storage Unit Active Sensor Suite Advanced Targeting Computer Armor Integrity Analyzer Improved Transmission Jammer Hardlight Generator > --- WEAPON ----------- Tesla Rifle Tesla Rifle Hypervelocity Coil Gun > --- INVENTORY -------- Gravmag Array Advanced Weight Redist. System Force Field Force Field Force Field Advanced Plasma Cannon Hypervelocity Coil Gun Flak Cannon [Rating: 89] Favorites ----------- Power Light Nuclear Core Engine Light Ion Engine Power Core Light Nuclear Core Reactor Particle Reactor Propulsion Gravmag Array Leg Aluminum Leg Wheel Wheel Hover Unit Gravmag Array Flight Unit VTOL Module Utility Medium Storage Unit Device Advanced Weight Redist. System Storage Medium Storage Unit Processor Armor Integrity Analyzer Hackware System Shield Protection Medium Armor Plating Weapon Ion Cannon Energy Gun EM Pulse Gun Energy Cannon Ion Cannon Ballistic Gun Heavy Assault Rifle Ballistic Cannon Flak Cannon Launcher Mini Grenade Launcher Impact Weapon Maul Slashing Weapon Mining Claw Build | -11 -10 -10 -9 -9 -9 -8 -8 -7 -6 -6 -5 -5 -5 ------- Run | Yrd Mat Min Mat Min Exi Min Mat Fac Fac DSF Fac Upp Upp Slots Evolved 10 | . . . 2 . . . 2 2 2 . 2 . . Power 1 | . . . . . . . . . . . 1 . . Propulsion 2 | . . . . . . . . 1 1 . . . . Utility 6 | . . . 1 . . . 2 1 1 . 1 . . Weapon 1 | . . . 1 . . . . . . . . . . Parts Attached 152 | 8 5 1 8 1 . . 16 29 . 21 48 15 . Power 24 | 1 1 . 2 . . . 2 3 . 4 7 4 . Engine 11 | 1 1 . 2 . . . 2 1 . 2 1 1 . Core 12 | . . . . . . . . 2 . 2 6 2 . Reactor 1 | . . . . . . . . . . . . 1 . Propulsion 25 | 4 . . 1 . . . 3 10 . 2 3 2 . Treads . | . . . . . . . . . . . . . . Leg 2 | 2 . . . . . . . . . . . . . Wheel 3 | 2 . . 1 . . . . . . . . . . Hover 10 | . . . . . . . 2 1 . 2 3 2 . Flight 10 | . . . . . . . 1 9 . . . . . Utility 44 | 1 2 1 1 . . . 5 8 . 4 17 5 . Device 29 | . 1 . 1 . . . 3 6 . 3 12 3 . Storage 6 | 1 . 1 . . . . 1 . . . 2 1 . Processor 6 | . 1 . . . . . . 2 . 1 2 . . Hackware 2 | . . . . . . . . . . . 1 1 . Protection 1 | . . . . . . . 1 . . . . . . Artifact . | . . . . . . . . . . . . . . Weapon 59 | 2 2 . 4 1 . . 6 8 . 11 21 4 . Energy Gun 15 | 1 . . . 1 . . 1 . . 4 6 2 . Energy Cannon 8 | . 1 . . . . . 1 2 . 1 2 1 . Ballistic Gun 13 | 1 . . 2 . . . . 1 . 2 6 1 . Ballistic Cannon 7 | . . . . . . . 1 1 . 2 3 . . Launcher 11 | . 1 . 1 . . . 1 2 . 2 4 . . Special Weapon . | . . . . . . . . . . . . . . Impact Weapon 3 | . . . . . . . 1 2 . . . . . Slashing Weapon 2 | . . . 1 . . . 1 . . . . . . Piercing Weapon . | . . . . . . . . . . . . . . Special Melee Weapon . | . . . . . . . . . . . . . . Unidentified Prototypes 5 | . . . 1 . . . . 1 . 1 2 . . Parts Lost 66 | . 1 . 5 . . . . 16 . 14 16 13 1 Power 11 | . 1 . 1 . . . . 1 . 3 2 3 . Propulsion 15 | . . . 2 . . . . 6 . 3 2 1 1 Utility 18 | . . . . . . . . 6 . 3 4 5 . Weapon 22 | . . . 2 . . . . 3 . 5 8 4 . Highest Loss Streak 11 | . 1 . 3 . . . . 7 . 7 6 11 1 To Critical Strikes 1 | . . . 1 . . . . . . . . . . Average Slot Usage (%) 82 | . 99 100 89 82 88 88 96 76 80 65 73 71 . Engine 5 | . 14 14 9 11 11 11 8 3 6 4 1 2 . Core 2 | . . . . . . . . 3 . . 7 4 . Wheel 5 | . 28 28 15 11 11 11 . . . . . . . Hover 5 | . . . . . . . 16 1 . 8 7 11 . Flight 2 | . . . . . . . . 10 20 3 . . . Device 15 | . 9 . 11 11 11 11 19 18 13 12 20 10 . Storage 9 | . 14 14 11 11 11 11 16 7 6 6 5 9 . Processor 9 | . 4 14 11 11 11 11 . 9 13 8 11 11 . Energy Gun 4 | . 9 . . 5 11 11 5 . . 7 3 6 . Energy Cannon 6 | . 4 14 11 11 11 11 9 6 6 2 2 2 . Ballistic Gun 3 | . 6 . 7 11 11 11 . 2 6 3 3 2 . Launcher 4 | . 7 14 9 . . . 2 4 . . 3 2 . Impact Weapon 1 | . . . . . . . 1 3 6 1 . . . Naked Turns . | . . . . . . . . . . . . . . Heaviest Build 61 | 11 16 21 25 22 22 22 41 42 33 47 61 57 . Greatest Support 49 | 26 26 26 26 10 10 10 16 23 23 49 40 42 . Greatest Overweight (x) 14 | . . . 1 2 2 2 2 10 1 2 14 2 . Average Overweight (x) 1 | . . . . 1 2 2 1 2 1 . 1 . . Largest Inventory Capacity 10 | 8 8 10 10 10 10 10 10 10 10 10 10 10 10 Average Capacity 9 | 6 8 9 10 10 10 10 10 10 10 10 9 10 10 Most Carried 10 | 5 8 8 7 5 10 10 10 10 7 9 10 10 8 Average Carried 7 | 2 6 7 5 4 6 10 7 7 6 6 7 7 8 Final Capacity 10 | 8 8 10 10 10 10 10 10 10 10 10 10 10 10 Final Carried 10 | 2 6 8 5 4 10 10 10 6 7 7 9 8 8 Class Distribution -------------------- 29% | Mutant 21% | Skirmisher 15% | Assassin 13% | Gunner 7% | Scavenger-Gunner 5% | Hacker-Gunner Dominant Class ---------------- Mutant | -10/Materials Mutant | -10/Mines Mutant | -9/Materials Skirmisher | -9/Mines Skirmisher | -9/Exiles Skirmisher | -8/Mines Assassin | -8/Materials Assassin | -7/Factory Mutant | -6/Factory Tank | -6/DSF Gunner | -5/Factory Scavenger-Gunner | -5/Upper Caves Scavenger-Gunner | -5/Upper Caves Resources | -11 -10 -10 -9 -9 -9 -8 -8 -7 -6 -6 -5 -5 -5 ----------- Run | Yrd Mat Min Mat Min Exi Min Mat Fac Fac DSF Fac Upp Upp Matter Collected 2964 | 224 33 34 80 105 . . 366 347 . 233 1195 347 . Remotely 458 | . . . . . . . 315 143 . . . . . Salvage Created 4961 | . 135 . 280 72 . . 628 970 . 602 1635 639 . Parts 319 | . 12 . 32 3 . . 52 52 . 36 97 35 . Haulers Intercepted 3 | . . . 1 . . . 1 1 . . . . . Recyclers Shooed 6 | . . . . . . . . . . . 6 . . Parts Field Recycled . | . . . . . . . . . . . . . . Retrieved Matter . | . . . . . . . . . . . . . . Parts Self-Destructed 36 | . . . . . . . . . . . . 36 . Prevented . | . . . . . . . . . . . . . . Kills | -11 -10 -10 -9 -9 -9 -8 -8 -7 -6 -6 -5 -5 -5 ------- Run | Yrd Mat Min Mat Min Exi Min Mat Fac Fac DSF Fac Upp Upp Combat Hostiles Destroyed 93 | . 8 . 12 1 . . 12 19 . 8 20 13 . Melee 1 | . . . 1 . . . . . . . . . . Guns 25 | . 1 . 3 . . . 1 1 . 4 11 4 . Cannons 36 | . . . 2 1 . . 4 13 . 4 6 6 . AOE 26 | . 7 . 6 . . . 7 3 . . 2 1 . Classes Destroyed 15 | . 4 . 3 1 . . 1 2 . 2 2 . . Worker 10 | . 2 . 1 . . . 3 1 . . 3 . . Builder 10 | . . . 1 . . . 1 . . . 8 . . Tunneler 1 | . . . . . . . . . . . 1 . . Hauler 3 | . . . 1 . . . 1 1 . . . . . Recycler 5 | . . . . . . . 2 1 . . 2 . . Watcher 10 | . 2 . 2 . . . 3 1 . . 2 . . Swarmer 33 | . 3 . 9 . . . 8 6 . . 4 3 . Grunt 27 | . 5 . 2 . . . . 7 . 2 6 5 . Duelist 2 | . . . . . . . . . . . 1 1 . Sentry 13 | . . . 1 . . . 4 1 . . 5 2 . Demolisher 1 | . . . . 1 . . . . . . . . . Specialist 3 | . . . . . . . . . . 3 . . . Hunter 7 | . . . . . . . . 3 . 2 2 . . Programmer 6 | . . . . . . . . 2 . . 2 2 . Heavy 1 | . . . . . . . . . . 1 . . . Thug 1 | . . . . . . . . 1 . . . . . Best Kill Streak 15 | . 4 . 15 1 . . 10 4 . 4 8 9 . Combat Bots Only 10 | . 3 . 10 1 . . 5 3 . 4 5 9 . Max Kills in Single Turn 4 | . 2 . 3 1 . . 4 1 . 1 2 1 . Gunslinging . | . . . . . . . . . . . . . . Exploded 3 | . 1 . 2 . . . 3 1 . . 2 1 . Melee 1 | . . . 1 . . . . . . . . . . Uniques/NPCs Destroyed . | . . . . . . . . . . . . . . Combat | -11 -10 -10 -9 -9 -9 -8 -8 -7 -6 -6 -5 -5 -5 -------- Run | Yrd Mat Min Mat Min Exi Min Mat Fac Fac DSF Fac Upp Upp Hostile Shots Fired 730 | . 34 . 82 . . . 23 111 . 144 230 97 9 Missed 189 | . 10 . 25 . . . 6 27 . 43 62 13 3 Damage Taken 7783 | . 208 4 452 8 . . 233 1186 . 1527 2596 1453 116 Core 1725 | . 80 3 75 6 . . 106 278 . 158 600 390 29 Absorbed by Shields 308 | . . . . . . . . 85 . 48 175 . . Ignored by Resistances 2182 | . 65 . 141 3 . . 69 355 . 443 722 353 31 Regen/Repaired (Parts) 17 | . . . . . . . 17 . . . . . . Core Remaining (%) 77 | 100 . 66 . . . 79 80 60 . 81 . . . Volleys Fired 270 | . 18 . 12 6 . . 31 56 . 28 78 39 2 Largest 3 | . 2 . 3 3 . . 2 3 . 3 3 2 3 Hottest 228 | . 90 . 113 123 . . 110 179 . 173 228 171 108 Shots Fired 543 | . 32 . 33 15 . . 52 98 . 57 190 60 6 Gun 249 | . 16 . 12 9 . . 18 19 . 30 118 21 6 Cannon 244 | . 5 . 12 6 . . 31 70 . 25 61 34 . Launcher 50 | . 11 . 9 . . . 3 9 . 2 11 5 . Special . | . . . . . . . . . . . . . . Kinetic 170 | . 3 . 12 6 . . 2 35 . 20 90 . 2 Thermal 245 | . 5 . 12 6 . . 29 50 . 24 62 55 2 Explosive 41 | . 11 . 9 . . . 3 6 . . 7 5 . Electromagnetic 87 | . 13 . . 3 . . 18 7 . 13 31 . 2 Robot Hit Streak 28 | . 8 . 11 5 . . 8 12 . 11 28 25 12 Robot Miss Streak 4 | . 3 . 2 1 . . 4 4 . 2 3 2 . Penetration Max 1 | . . . . . . . . . . 1 1 . . Secondary Targets 1 | . . . . . . . . . . . 1 . . Max Gunslinging Chain 1 | . . . . . . . . . . . 1 . . Shots Hit Robots 352 | . 19 . 21 9 . . 27 67 . 45 110 48 6 Core Hits 252 | . 21 . 24 6 . . 25 52 . 21 79 22 2 Critical Kills 5 | . . . . . . . . 1 . . 3 1 . Critical Parts Destroyed 2 | . . . . . . . . . . . 2 . . Critical Strikes 11 | . 1 . . . . . . 1 . 1 6 2 . Burn 3 | . . . . . . . . . . 1 1 1 . Meltdown 2 | . . . . . . . . 1 . . . 1 . Destroy 5 | . . . . . . . . . . . 5 . . Corrupt 1 | . 1 . . . . . . . . . . . . Melee Attacks 15 | . . . 6 . . . 2 7 . . . . . Impact 7 | . . . . . . . . 7 . . . . . Slashing 8 | . . . 6 . . . 2 . . . . . . Piercing . | . . . . . . . . . . . . . . Sneak Attacks . | . . . . . . . . . . . . . . Combat Hostiles . | . . . . . . . . . . . . . . Follow-up Attacks . | . . . . . . . . . . . . . . Damage Inflicted 10571 | . 828 10 757 154 . . 1009 1702 . 1230 3292 1473 116 Guns 2849 | . 108 . 123 86 . . 168 211 . 468 1174 395 116 Cannons 4542 | . 35 . 104 68 . . 265 1165 . 563 1405 937 . Explosions 3088 | . 685 . 481 . . . 576 323 . 199 686 138 . Melee 49 | . . . 49 . . . . . . . . . . Ramming 43 | . . 10 . . . . . 3 . . 27 3 . Kinetic 2137 | . 6 . 123 51 . . . 502 . 273 1139 . 43 Thermal 4618 | . 35 . 104 68 . . 399 807 . 528 1307 1332 38 Explosive 2379 | . 685 . 481 . . . 442 247 . . 386 138 . Electromagnetic 1345 | . 102 . . 35 . . 168 143 . 429 433 . 35 Impact . | . . . . . . . . . . . . . . Slashing 49 | . . . 49 . . . . . . . . . . Piercing . | . . . . . . . . . . . . . . Highest Corruption 4 | . . . . . . . . . . 1 4 4 4 Average Corruption 1 | . . . . . . . . . . 1 1 4 4 Corruption Purged . | . . . . . . . . . . . . . . Corruption Blocked 2 | . . . . . . . . . . . . 2 . Effects 34 | . . . . . . . . . . 1 14 19 . Message Errors 10 | . . . . . . . . . . . 2 8 . Matter Fused 5 | . . . . . . . . . . . 3 2 . Heat Flow Errors 6 | . . . . . . . . . . . 1 5 . Energy Discharges 5 | . . . . . . . . . . . 4 1 . Parts Rejected 1 | . . . . . . . . . . . . 1 . Data Loss (minor) 3 | . . . . . . . . . . . 2 1 . Misfires 2 | . . . . . . . . . . 1 . 1 . Weapon Failures 2 | . . . . . . . . . . . 2 . . Overload Shots . | . . . . . . . . . . . . . . Overflow Damage 221 | . . . . . . . 4 77 . 7 92 41 . Projectiles 97 | . . . . . . . . 26 . 7 27 37 . Explosions 124 | . . . . . . . 4 51 . . 65 4 . Melee . | . . . . . . . . . . . . . . Knockbacks 10 | . . . . . . . . 3 . . 7 . . Impact . | . . . . . . . . . . . . . . Kinetic 9 | . . . . . . . . 3 . . 6 . . Secondary 1 | . . . . . . . . . . . 1 . . Self-Inflicted Damage 645 | . 28 4 73 . . . 91 223 . . 225 1 . Shots 17 | . 1 . 4 . . . 2 4 . . 6 . . Rammed 11 | . . 2 . . . . . 1 . . 7 1 . Targets Rammed 11 | . . 2 . . . . . 1 . . 7 1 . Kicked . | . . . . . . . . . . . . . . Crushed . | . . . . . . . . . . . . . . Highest Temperature 697 | . 154 . 310 85 . . 212 240 . 33 586 697 50 Average Temperature 128 | . 65 . 156 28 . . 65 59 . 14 147 226 33 Received Heat Transfer 1500 | . 69 . 54 . . . 36 409 . 120 263 513 36 Effects 49 | . . . 2 . . . 3 . . . 18 26 . Shutdowns 11 | . . . . . . . . . . . 3 8 . Energy Bleed 2 | . . . . . . . . . . . 1 1 . Interference 18 | . . . 2 . . . 3 . . . 7 6 . Matter Decay 4 | . . . . . . . . . . . . 4 . Short Circuit 4 | . . . . . . . . . . . 3 1 . Damage (minor) 4 | . . . . . . . . . . . 2 2 . Damage (major) 5 | . . . . . . . . . . . 2 3 . Damage (core) 1 | . . . . . . . . . . . . 1 . Siege Activations . | . . . . . . . . . . . . . . Robots Corrupted 1 | . . . . . . . . . . . 1 . . Combat Hostiles 1 | . . . . . . . . . . . 1 . . Parts Fried 4 | . . . . . . . 2 . . . 2 . . Impact Corruptions . | . . . . . . . . . . . . . . Robots Melted 4 | . . . . . . . . 2 . . . 2 . Combat Hostiles 4 | . . . . . . . . 2 . . . 2 . Parts Melted 16 | . . . . . . . . 9 . . 2 5 . Heat Transferred 6374 | . 74 . 222 148 . . 457 1377 . 777 1543 1702 74 Parts Sabotaged . | . . . . . . . . . . . . . . Parts Stolen . | . . . . . . . . . . . . . . Parts Stripped . | . . . . . . . . . . . . . . Power Chain Reactions 2 | . . . . . . . 2 . . . . . . Alert | -11 -10 -10 -9 -9 -9 -8 -8 -7 -6 -6 -5 -5 -5 ------- Run | Yrd Mat Min Mat Min Exi Min Mat Fac Fac DSF Fac Upp Upp Peak Influence 369 | . 322 106 330 125 . . 238 175 34 120 369 . . Initial 106 | . . 106 . 105 . . . 40 30 20 47 . . Average 93 | . 121 60 189 117 . . 83 66 30 82 134 . . Maximum Alert Level 1 | . 1 . 1 . . . 1 . . . 1 . . Low Security (%) 86 | 100 65 100 42 100 . 100 89 100 100 100 72 . . Level 1 13 | . 34 . 57 . . . 10 . . . 27 . . Level 2 . | . . . . . . . . . . . . . . Level 3 . | . . . . . . . . . . . . . . Level 4 . | . . . . . . . . . . . . . . Level 5 . | . . . . . . . . . . . . . . High Security . | . . . . . . . . . . . . . . Max Security . | . . . . . . . . . . . . . . Sterilizations 1 | . . . . . . . . . . 1 . . . Squads Dispatched 18 | . 2 1 . . . . 2 4 . 2 7 . . Investigation 8 | . 2 . . . . . 1 1 . . 4 . . Extermination 4 | . . . . . . . . 3 . . 1 . . Reinforcement 4 | . . . . . . . 1 . . 2 1 . . Assault 1 | . . 1 . . . . . . . . . . . Garrison 1 | . . . . . . . . . . . 1 . . Intercept . | . . . . . . . . . . . . . . Searches Triggered . | . . . . . . . . . . . . . . Construction Impeded . | . . . . . . . . . . . . . . Haulers Reinforced . | . . . . . . . . . . . . . . Active Scanning Responses . | . . . . . . . . . . . . . . Cargo Convoy Interrupts . | . . . . . . . . . . . . . . Stealth | -11 -10 -10 -9 -9 -9 -8 -8 -7 -6 -6 -5 -5 -5 --------- Run | Yrd Mat Min Mat Min Exi Min Mat Fac Fac DSF Fac Upp Upp Distress Signals 5 | . 1 . 3 . . . 1 . . . . . . Communications Jammed . | . . . . . . . . . . . . . . Distress Signals . | . . . . . . . . . . . . . . Times Spotted 123 | . 10 . 17 2 . . 17 24 . 12 24 14 3 Peak Tracking Total 9 | . 4 1 9 2 . . 4 4 . 5 5 5 3 Tactical Retreats 6 | . . . . . . . . 3 . 2 1 . . Traps | -11 -10 -10 -9 -9 -9 -8 -8 -7 -6 -6 -5 -5 -5 ------- Run | Yrd Mat Min Mat Min Exi Min Mat Fac Fac DSF Fac Upp Upp Traps Triggered 8 | . 1 . . . . . . 3 . . 4 . . Indirectly 1 | . . . . . . . . . . . 1 . . Trap Hack Attempts . | . . . . . . . . . . . . . . Triggered . | . . . . . . . . . . . . . . Disarmed . | . . . . . . . . . . . . . . Reprogrammed . | . . . . . . . . . . . . . . Reused . | . . . . . . . . . . . . . . Traps Extracted . | . . . . . . . . . . . . . . Installed . | . . . . . . . . . . . . . . Triggered . | . . . . . . . . . . . . . . Machines | -11 -10 -10 -9 -9 -9 -8 -8 -7 -6 -6 -5 -5 -5 ---------- Run | Yrd Mat Min Mat Min Exi Min Mat Fac Fac DSF Fac Upp Upp Machines Disabled 22 | . 2 . 1 . . . 2 10 . . 6 1 . Max in Single Turn 3 | . 2 . 1 . . . 1 3 . . 1 1 . Garrison Access 3 | . . . . . . . 1 . . . 2 . . Machines Repaired . | . . . . . . . . . . . . . . Machines Dismantled . | . . . . . . . . . . . . . . Machines Sabotaged . | . . . . . . . . . . . . . . Overloaded Fab Kills . | . . . . . . . . . . . . . . Hacking | -11 -10 -10 -9 -9 -9 -8 -8 -7 -6 -6 -5 -5 -5 --------- Run | Yrd Mat Min Mat Min Exi Min Mat Fac Fac DSF Fac Upp Upp Machines Accessed 31 | . 2 . 2 . 4 . 5 5 1 . 10 2 . Terminals 13 | . 1 . 1 . . . 1 4 1 . 5 . . Fabricators . | . . . . . . . . . . . . . . Repair Stations 2 | . . . . . . . 1 . . . 1 . . Recycling Units 5 | . 1 . 1 . . . 1 1 . . 1 . . Scanalyzers 2 | . . . . . . . 1 . . . 1 . . Garrison Access 3 | . . . . . . . 1 . . . 2 . . Total Hacks 120 | . 5 . 6 . 43 . 14 10 3 . 33 6 . Successful 90 | . 4 . 4 . 43 . 6 6 1 . 20 6 . Failed 30 | . 1 . 2 . . . 8 4 2 . 13 . . Catastrophic 4 | . 1 . . . . . 1 1 . . 1 . . Database Lockouts . | . . . . . . . . . . . . . . Manual 10 | . . . . . 6 . . 1 . . 3 . . Terminals 38 | . 1 . 5 . . . 3 7 3 . 19 . . Fabricators . | . . . . . . . . . . . . . . Repair Stations 6 | . . . . . . . 3 . . . 3 . . Recycling Units 15 | . 4 . 1 . . . 3 3 . . 4 . . Scanalyzers 3 | . . . . . . . 1 . . . 2 . . Garrison Access 9 | . . . . . . . 4 . . . 5 . . Terminal Hacks 69 | . . . 3 . 43 . . 4 1 . 12 6 . Record 50 | . . . . . 42 . . . . . 3 5 . Prototype ID Bank 2 | . . . . . . . . 1 . . 1 . . Open Door 1 | . . . . . . . . . . . . 1 . Open DSF 6 | . . . . . . . . 3 1 . 2 . . Emergency Access Points 1 | . . . . . . . . . . . 1 . . Recycling Unit Index 1 | . . . . . . . . . . . 1 . . Alert Level 2 | . . . 2 . . . . . . . . . . Dispatch Records 2 | . . . 1 . . . . . . . 1 . . Maintenance Status 2 | . . . . . . . . . . . 2 . . Hauler Manifests 1 | . . . . . . . . . . . 1 . . Derelict Proto ID Bank 1 | . . . . . 1 . . . . . . . . Fabricator Hacks . | . . . . . . . . . . . . . . Repair Station Hacks 5 | . . . . . . . 2 . . . 3 . . Scan Component 2 | . . . . . . . 1 . . . 1 . . Repair 2 | . . . . . . . 1 . . . 1 . . Refit 1 | . . . . . . . . . . . 1 . . Recycling Unit Hacks 9 | . 4 . 1 . . . 2 2 . . . . . Recycle Component 2 | . 2 . . . . . . . . . . . . Report Inventory 5 | . 2 . 1 . . . 1 1 . . . . . Retrieve Components 2 | . . . . . . . 1 1 . . . . . Scanalyzer 2 | . . . . . . . . . . . 2 . . Insert Component 1 | . . . . . . . . . . . 1 . . Analyze 1 | . . . . . . . . . . . 1 . . Garrison Access Hacks 5 | . . . . . . . 2 . . . 3 . . Unlock Access 1 | . . . . . . . 1 . . . . . . Seal Access 3 | . . . . . . . 1 . . . 2 . . Coupler Status 1 | . . . . . . . . . . . 1 . . Unauthorized Hacks . | . . . . . . . . . . . . . . Terminals . | . . . . . . . . . . . . . . Fabricators . | . . . . . . . . . . . . . . Repair Stations . | . . . . . . . . . . . . . . Recycling Units . | . . . . . . . . . . . . . . Scanalyzers . | . . . . . . . . . . . . . . Garrison Access . | . . . . . . . . . . . . . . Data Cores Recovered . | . . . . . . . . . . . . . . Used . | . . . . . . . . . . . . . . Hacking Detections 21 | . 2 . 1 . . . 5 3 . . 10 . . Full Trace Events 6 | . 1 . . . . . 1 1 . . 3 . . Feedback Events . | . . . . . . . . . . . . . . Feedback Blocked . | . . . . . . . . . . . . . . Robot Schematics Acquired . | . . . . . . . . . . . . . . Robots Built . | . . . . . . . . . . . . . . Authchips . | . . . . . . . . . . . . . . Time . | . . . . . . . . . . . . . . Total Robot Build Rating . | . . . . . . . . . . . . . . Part Schematics Acquired 1 | . . . . . . . . . . . 1 . . Parts Built . | . . . . . . . . . . . . . . Authchips . | . . . . . . . . . . . . . . Time . | . . . . . . . . . . . . . . Total Part Build Rating . | . . . . . . . . . . . . . . Parts Repaired 1 | . . . . . . . 1 . . . . . . Time 64 | . . . . . . . 38 . . . 26 . . Parts Recycled 2 | . 2 . . . . . . . . . . . . Recycled Matter . | . . . . . . . . . . . . . . Retrieved Matter . | . . . . . . . . . . . . . . Retrieved Components 16 | . . . . . . . 10 6 . . . . . Parts Scanalyzed 1 | . . . . . . . . . . . 1 . . Part Schematics Acquired 1 | . . . . . . . . . . . 1 . . Parts Damaged . | . . . . . . . . . . . . . . Bothacking | -11 -10 -10 -9 -9 -9 -8 -8 -7 -6 -6 -5 -5 -5 ------------ Run | Yrd Mat Min Mat Min Exi Min Mat Fac Fac DSF Fac Upp Upp Used RIF Installer . | . . . . . . . . . . . . . . Robots Hacked . | . . . . . . . . . . . . . . Non-combat . | . . . . . . . . . . . . . . Combat . | . . . . . . . . . . . . . . Robot Hacks Applied . | . . . . . . . . . . . . . . Relay Couplers Released . | . . . . . . . . . . . . . . Fabnet Peak Effective % . | . . . . . . . . . . . . . . Robots Rewired . | . . . . . . . . . . . . . . Allies Hacked . | . . . . . . . . . . . . . . Hacks Repelled . | . . . . . . . . . . . . . . Allies | -11 -10 -10 -9 -9 -9 -8 -8 -7 -6 -6 -5 -5 -5 -------- Run | Yrd Mat Min Mat Min Exi Min Mat Fac Fac DSF Fac Upp Upp Total Allies 3 | . . 3 . . . . . . . . . . . Largest Group 3 | . . 3 . . . . . . . . . . . Highest-Rated Group 85 | . . 85 . . . . . . . . . . . Highest-Rated Ally 31 | . . 31 . . . . . . . . . . . Total Orders . | . . . . . . . . . . . . . . Ally Attacks . | . . . . . . . . . . . . . . Total Damage . | . . . . . . . . . . . . . . Kills . | . . . . . . . . . . . . . . Allies Corrupted . | . . . . . . . . . . . . . . Allies Melted . | . . . . . . . . . . . . . . Intel | -11 -10 -10 -9 -9 -9 -8 -8 -7 -6 -6 -5 -5 -5 ------- Run | Yrd Mat Min Mat Min Exi Min Mat Fac Fac DSF Fac Upp Upp Robot Analysis Total . | . . . . . . . . . . . . . . Derelict Logs Recovered 4 | . . 2 . . . . . . . . . 2 . Drone Launches . | . . . . . . . . . . . . . . Drone Recoveries . | . . . . . . . . . . . . . . Exploration | -11 -10 -10 -9 -9 -9 -8 -8 -7 -6 -6 -5 -5 -5 ------------- Run | Yrd Mat Min Mat Min Exi Min Mat Fac Fac DSF Fac Upp Upp Turns Passed 7914 | 59 270 696 230 77 789 163 951 1873 58 310 1953 480 5 Spaces Moved 5238 | 45 219 749 161 56 716 148 469 855 49 145 1144 482 . Core 105 | 12 . . . . . . . 68 . 3 22 . . Treads . | . . . . . . . . . . . . . . Legs 16 | 16 . . . . . . . . . . . . . Wheels 2120 | 17 219 749 161 56 716 148 54 . . . . . . Hover 2341 | . . . . . . . 415 209 . 113 1122 482 . Flight 656 | . . . . . . . . 578 49 29 . . . Fastest Speed 50 | 50 90 90 90 95 110 110 110 109 110 56 56 52 . Average Speed 119 | 90 90 90 98 102 110 110 158 183 110 88 117 67 . Slowest Speed 750 | 120 90 90 115 110 110 110 176 550 110 195 750 160 . Overloaded Moves . | . . . . . . . . . . . . . . Propulsion Burnouts . | . . . . . . . . . . . . . . Robots Hopped . | . . . . . . . . . . . . . . Cave-ins Triggered 1 | . . . . . . . . . . . 1 . . Exploration Rate (%) 40 | 3 51 98 24 24 94 23 33 24 2 90 31 73 1 Regions Visited 13 Branch Regions 6 Pre-discovered Areas 3 | . . . . . 1 . . . . . . 2 . Known Exits Taken 2 | . . . . . . 1 . . 1 . . . . Unknown Exits Taken 10 | 1 1 1 1 1 1 . 1 1 . . 1 1 . Scrap Searched 3 | . . 1 . . . . . . . . . 2 . Spaces Dug 49 | . . . . . . . 10 7 . . 32 . . Terrain Destroyed 334 | . 79 . 34 . . . 33 57 . . 112 19 . Melee 9 | . . . . . . . 2 7 . . . . . Projectile 33 | . . . . . . . 7 1 . . 18 7 . AOE 291 | . 79 . 34 . . . 24 49 . . 93 12 . Terrain Rammed . | . . . . . . . . . . . . . . Walls Destroyed . | . . . . . . . . . . . . . . Machines Disabled . | . . . . . . . . . . . . . . Actions | -11 -10 -10 -9 -9 -9 -8 -8 -7 -6 -6 -5 -5 -5 --------- Run | Yrd Mat Min Mat Min Exi Min Mat Fac Fac DSF Fac Upp Upp Total 6388 | 64 262 771 193 62 718 148 626 1052 55 277 1583 575 2 Wait 454 | . . 14 3 . . 1 75 50 . 64 221 26 . Move 5224 | 44 218 748 160 55 715 147 468 854 48 144 1142 481 . Hop . | . . . . . . . . . . . . . . Pick Up 166 | 10 14 4 3 . 2 . 21 25 3 15 58 11 . Fast Attach . | . . . . . . . . . . . . . . Attach 117 | 8 3 . 5 1 . . 11 21 . 17 37 14 . Detach 10 | . 1 . . . . . 2 1 1 2 1 2 . Swap 35 | . 2 1 3 . . . 5 8 . 4 11 1 . Drop 67 | 2 6 2 1 . 1 . 11 11 3 3 27 . . Fire 270 | . 18 . 12 6 . . 31 56 . 28 78 39 2 Melee 15 | . . . 6 . . . 2 7 . . . . . Ram 11 | . . 2 . . . . . 1 . . 7 1 . Kick . | . . . . . . . . . . . . . . Crush . | . . . . . . . . . . . . . . Escape Stasis 19 | . . . . . . . . 18 . . 1 . . Rewire . | . . . . . . . . . . . . . . Trap . | . . . . . . . . . . . . . . Miscellaneous . | . . . . . . . . . . . . . . Route ------- -11/Scrapyard -10/Materials (discovered 2 exits: [*Min x2]) -10/Mines (discovered 2 exits: *Mat x2) -9/Materials (discovered 3 exits: Mat x2 / [*Min]) -9/Mines -9/Exiles (discovered 2 exits: [*Min x2]) -8/Mines -8/Materials -7/Factory (discovered 2 exits: *Fac / [*Low]) -6/Factory -6/DSF -5/Factory (discovered 2 exits: *Upp x2) -5/Upper Caves -5/Upper Caves History --------- Turn | Location | Event 9 | -11/Scrapyard | Discovered new exit (range 16) 60 | -11/Scrapyard | Entered Materials 69 | -10/Materials | Discovered new exit (range 10) 154 | -10/Materials | Discovered new exit (range 9) 320 | -10/Materials | Build established: Mutant 330 | -10/Materials | Entered Mines 412 | -10/Mines | Discovered new exit (range 7) 553 | -10/Mines | Learned 8 Materials zone layouts 605 | -10/Mines | Learned Materials non-interactive machine intel 621 | -10/Mines | Discovered new exit (range 7) 734 | -10/Mines | Found a damaged Exp. Sensor Array with a note attached 736 | -10/Mines | Found Prototype Device 968 | -10/Mines | Met a Derelict testing a Signal Generator 1026 | -10/Mines | Entered Materials 1026 | -9/Materials | Evolved 2 slots: Utility x1, Weapon x1 1026 | -9/Materials | Identified Exp. Sensor Array 1027 | -9/Materials | Identified exit to Materials 1028 | -9/Materials | Loaded intel: 34 non-interactive machine locations 1151 | -9/Materials | Destroyed 10 combat bots 1157 | -9/Materials | Lost 3 parts (1p1n1w) 1183 | -9/Materials | Met 8R-AWN 1240 | -9/Materials | Discovered new exit (range 12) 1256 | -9/Materials | Entered Mines 1257 | -9/Mines | Assembled infested the area 1257 | -9/Mines | Followed 8R-AWN into the Mines 1260 | -9/Mines | Met a Derelict bent on vengeance 1262 | -9/Mines | Assisted by a Guerilla fighting off Assembled 1328 | -9/Mines | Discovered new exit (range 5) 1333 | -9/Mines | Entered Exiles 1349 | -9/Exiles | Discovered new exit (range 15) 1384 | -9/Exiles | Welcomed by 8R-AWN 1420 | -9/Exiles | Met EX-HEX 1459 | -9/Exiles | Met EX-DEC 1483 | -9/Exiles | Learned location of Zion (-7) 1547 | -9/Exiles | Discovered new exit (range 15) 1598 | -9/Exiles | Build established: Skirmisher 1648 | -9/Exiles | Met EX-BIN 1717 | -9/Exiles | Aligned with FarCom system 1718 | -9/Exiles | Given EX-Vault access code 1788 | -9/Exiles | Opened EX-Vault 1802 | -9/Exiles | Found Army-in-a-Box 1839 | -9/Exiles | Warned to stay clear of 0b10 Research branches 1943 | -9/Exiles | Visited The Gauntlet 2122 | -9/Exiles | Left Exiles lab with Army-in-a-Box 2122 | -9/Exiles | Entered Mines 2124 | -8/Mines | Discovered exit to Materials (range 7) 2285 | -8/Mines | Entered Materials 2285 | -8/Materials | Evolved 2 slots: Utility x2 2372 | -8/Materials | Identified exit to Garrison 2635 | -8/Materials | Build established: Assassin 2954 | -8/Materials | Repaired Lgt. Deuterium Engine? 3091 | -8/Materials | Discovered new exit (range 15) 3236 | -8/Materials | Entered Factory 3236 | -7/Factory | Evolved 2 slots: Propulsion x1, Utility x1 3344 | -7/Factory | Lost 5 parts (3n2u) 3966 | -7/Factory | Discovered new exit (range 10) 4460 | -7/Factory | Lost 7 parts (1p3n2u1w) 4824 | -7/Factory | Build established: Mutant 5007 | -7/Factory | Discovered new exit (range 8) 5109 | -7/Factory | Entered another Factory area 5109 | -6/Factory | Evolved 2 slots: Propulsion x1, Utility x1 5166 | -6/Factory | Identified exit to DSF 5167 | -6/Factory | Entered DSF 5202 | -6/DSF | Additional patrols routed to DSF 5282 | -6/DSF | Lost 7 parts (1p3n2u1w) 5295 | -6/DSF | Discovered new exit (range 16) 5392 | -6/DSF | Found Prototype Device 5393 | -6/DSF | Identified Active Sensor Suite 5446 | -6/DSF | Sterilization system engaged 5466 | -6/DSF | Ambient heat levels rising (+10) 5477 | -6/DSF | Entered Factory 5477 | -5/Factory | Evolved 2 slots: Power x1, Utility x1 5507 | -5/Factory | Lost 3 parts (1p1u1w) 5749 | -5/Factory | Lost 6 parts (1n3u2w) 6374 | -5/Factory | Build established: Gunner 6432 | -5/Factory | Discovered new exit (range 15) 6637 | -5/Factory | Core integrity fell below 50% 6763 | -5/Factory | Garrison activated, responded to threat 6834 | -5/Factory | Build established: Skirmisher 7306 | -5/Factory | Crushed by falling debris 7349 | -5/Factory | Discovered new exit (range 6) 7370 | -5/Factory | Found Prototype Launcher 7371 | -5/Factory | Identified Mni. Smartbomb Launcher 7430 | -5/Factory | Entered Upper Caves 7444 | -5/Upper Caves | Attracted the attention of an 0b10 checkpoint 7520 | -5/Upper Caves | Met a Warlord Commander 7521 | -5/Upper Caves | Learned location of Warlord (-4) 7522 | -5/Upper Caves | Warlord Commander delivered Encrypted Comm Array 7527 | -5/Upper Caves | Found Encrypted Comm Array 7644 | -5/Upper Caves | Core integrity fell below 20% 7732 | -5/Upper Caves | Destroyed 9 combat bots 7735 | -5/Upper Caves | Learned location of Armory (-3) 7735 | -5/Upper Caves | Learned Extension security intel 7735 | -5/Upper Caves | Learned Extension terminal intel 7735 | -5/Upper Caves | Learned Research garrison access intel 7739 | -5/Upper Caves | Lost 11 parts (3p1n3u4w) 7763 | -5/Upper Caves | Learned Factory interactive machine intel 7867 | -5/Upper Caves | Learned Factory terminal intel 7907 | -5/Upper Caves | Discovered new exit (range 5) 7910 | -5/Upper Caves | Entered another Upper Caves area 7915 | -5/Upper Caves | Destroyed by L-41 Fighter with Axe Last Messages --------------- Found Imp. Signal Interpreter. Found 29 Matter. Acquired Lrn. Missile Launcher. Acquired 13 matter. Acquired Mak. Hacking Suite. Acquired Imp. Signal Interpreter. Acquired Adv. Targeting Computer. System corrupted: Heat flow error (+264). Acquired derelict log, extracted data. Data stored: Factory terminal intel. FKM QM7ON 1D